Unix NetHack Version 5.0.0-0 post-release - last build Jun 10 2026 00:39:30 (3ee93aec679c4c4259841fe613dc97188e26a321,branch:main).

Game began 2026-06-16 06:21:43, ended 2026-07-01 09:50:07.

Edouard, neutral male human Wizard

                                                         -------------.-
                                                         |.............|
                                                         |.............|
                                                         -.............|
                                                         |.....i.......|
                                                         |.<...@f......|
                                                         ---------------

Edouard the Thaumaturge   St:13 Dx:15 Co:11 In:18 Wi:15 Ch:8  Neutral
Dlvl:8  $:98 HP:0(39) Pw:1(65) AC:8  Xp:6 T:3524  Burdened

Latest messages:
 Saving...
 Restoring save file...
 Hello Edouard, the human Wizard, welcome back to NetHack!
 You are lucky!  Full moon tonight.
 Your movements are slowed slightly because of your load.
 You feel yourself slow down.
 The housecat picks up a looking glass.
 The housecat drops a looking glass.
 You fall down the stairs.
 What do you want to read? [ilmptuwzBGJ or ?*] ?
 Never mind.
 What do you want to read? [ilmptuwzBGJ or ?*] ?
 You begin to memorize the runes.
 You add "slow monster" to your repertoire, as 'd'.
 What do you want to read? [ilmptuwzBGJ or ?*] ?
 You begin to memorize the runes.
 You add "knock" to your repertoire, as 'e'.
 You see here an emerald potion.
 The tengu appears next to you!
 The tengu bites!
 The tengu picks up an emerald potion.
 The tengu drinks an emerald potion!
 The tengu is suddenly moving faster.
 The tengu vanishes!
 The tengu appears next to you!
 The tengu bites!
 The tengu bites!
 You swap places with your housecat.
 In what direction? k
 The spell hits the tengu!
 The tengu bites!
 The tengu bites!
 The tengu bites!
 In what direction? k
 The spell hits the tengu!
 The tengu bites!
 The tengu bites!
 In what direction? k
 The spell misses the tengu.
 The tengu bites!
 In what direction? k
 The spell hits the tengu.
 The tengu resists!
 The tengu bites!
 You die...
 Do you want your possessions identified? [ynq] (y) y
 Do you want to see your attributes? [ynq] (y) y
 Do you want an account of creatures vanquished? [ynaq] (y) y
 Do you want to see your conduct and achievements? [ynq] (y) y
 Do you want to see the dungeon overview? [ynq] (y) y

Inventory:
 Coins    ('$')
  $ - 98 gold pieces
 Weapons  (')')
  E - a blessed +1 arrow
  D - 8 +0 arrows
  x - a cursed +0 sling
  o - 8 +0 darts
  q - a blessed +0 knife
  a - a blessed +1 quarterstaff (weapon in hands)
 Armor    ('[')
  H - an uncursed +0 helm of caution (being worn)
  b - an uncursed +0 cloak of magic resistance (being worn)
 Comestibles  ('%')
  A - 2 uncursed lembas wafers
  K - an uncursed tripe ration
 Scrolls  ('?')
  u - an uncursed scroll of amnesia
  B - an uncursed scroll of charging
  J - an uncursed scroll of confuse monster
  w - an uncursed scroll of genocide
  i - 2 uncursed scrolls of identify
 Spellbooks  ('+')
  z - an uncursed spellbook of cause fear
  l - a blessed spellbook of force bolt
  p - an uncursed spellbook of knock
  m - an uncursed spellbook of protection
  t - an uncursed spellbook of slow monster
  G - an uncursed spellbook of turn undead
 Potions  ('!')
  C - an uncursed potion of blindness
  h - an uncursed potion of fruit juice
  v - 2 uncursed potions of gain level
  g - an uncursed potion of healing
  I - a blessed potion of object detection
  f - 2 uncursed potions of water
 Rings    ('=')
  d - an uncursed ring of cold resistance
  e - an uncursed ring of invisibility (alternate weapon; not wielded)
 Wands    ('/')
  c - a wand of create monster (0:15)
  y - a wand of speed monster (0:5)
 Tools    ('(')
  F - an uncursed blindfold
  n - a magic marker (0:19)

Edouard the Wizard's attributes:

Background:
 You were a Thaumaturge, a level 6 male human Wizard.
 You were neutral, nominally on a mission for Thoth
 who was opposed by Ptah (lawful) and Anhur (chaotic).
 You were right-handed.
 You were in the Dungeons of Doom, on level 8.
 You entered the dungeon 3524 turns ago.
 There was a full moon in effect when your adventure ended.
 You had 522 experience points, 118 more were needed to attain level 7.

Basics:
 You had 0 out of 39 hit points.
 You had 1 out of 65 energy points (spell power).
 Your armor class was 8.
 Your wallet contained 98 zorkmids.
 Autopickup was off.

Final Characteristics:
 Your strength was 13 (limit:18/100).
 Your dexterity was 15 (limit:18).
 Your constitution was 11 (limit:18).
 Your intelligence was 18 (limit:18).
 Your wisdom was 15 (limit:18).
 Your charisma was 8 (limit:18).

Final Status:
 You weren't hungry.
 You were burdened; movement was slightly slowed.
 You were wielding a quarterstaff.
 You had basic skill with quarterstaff.

Final Attributes:
 You were piously aligned.
 You were magic-protected.
 You were telepathic.
 You were warned.
 You were warded.
 You were lucky.
 You are dead.

Miscellaneous:
 You encountered 1 bones level.
 Total elapsed playing time was 53 minutes and 16 seconds.

Major events:
 Turn
    1: Edouard the neutral male human Wizard entered the dungeon
 1032: attained the rank of Conjurer (level 3)
 3000: attained the rank of Thaumaturge (level 6)
 3524: killed by a tengu

Spells:
 Name                 Level Category     Fail Retention
 force bolt             1   attack         0%   81%-90%
 protection             1   clerical       0%  76%-100%
 turn undead            6   clerical     100%  76%-100%
 slow monster           2   enchantment    0%  91%-100%
 knock                  1   matter         0%  76%-100%

Skills:
 Fighting Skills
   bare handed combat [Unskilled]
   riding             [Unskilled]
 Weapon Skills
   dagger             [Unskilled]
   knife              [Unskilled]
   axe                [Unskilled]
   short sword        [Unskilled]
   club               [Unskilled]
   mace               [Unskilled]
   quarterstaff       [Basic]
   polearms           [Unskilled]
   spear              [Unskilled]
   trident            [Unskilled]
   sling              [Unskilled]
   dart               [Unskilled]
   shuriken           [Unskilled]
 Spellcasting Skills
   attack spells      [Basic]
   healing spells     [Unskilled]
   divination spells  [Unskilled]
   enchantment spells [Basic]
   clerical spells    [Unskilled]
   escape spells      [Unskilled]
   matter spells      [Unskilled]

Voluntary challenges:
 Character rerolling was not enabled.
 You were an atheist.
 You never genocided any monsters.
 You never polymorphed an object.
 You never changed form.
 You used no wishes.
Achievements:
 You attained the rank of Conjurer.
 You attained the rank of Thaumaturge.

 The Dungeons of Doom: levels 1 to 8
    Level 1:
       A fountain.
    Level 2:
    Level 3:
       A fountain.
    Level 4:
    Level 5:
       A grave.
    Level 6:
       A fountain.
    Level 7:
       Many fountains.
       Oracle of Delphi.
       Final resting place for
          Anarchos-Val-Dwa-Fem-Law, petrified by a cockatrice.
    Level 8: <- You were here.
       Final resting place for
          you, killed by a tengu.


Vanquished creatures:
  a cockatrice
  3 jaguars
  a raven
 an ape
  2 ponies
  a yellow light
  2 shriekers
  2 gnome leaders
  a red naga hatchling
  5 elf zombies
  2 floating eyes
  a homunculus
  4 rothes
  a rabid rat
  3 orc zombies
  a dwarf zombie
  a wererat
 an iguana
 an acid blob
  6 coyotes
  a large kobold
  a hobgoblin
  a giant rat
  2 cave spiders
  a yellow mold
  a green mold
  a red mold
  2 gnomes
  2 garter snakes
  2 geckos
  7 jackals
  2 foxes
  3 sewer rats
  5 grid bugs
  8 lichens
  2 kobold zombies
  4 newts
85 creatures vanquished.

No species were genocided or became extinct.

Game over:
                       ----------
                      /          \
                     /    REST    \
                    /      IN      \
                   /     PEACE      \
                  /                  \
                  |     Edouard      |
                  |      98 Au       |
                  |   killed by a    |
                  |      tengu       |
                  |                  |
                  |                  |
                  |       2026       |
                 *|     *  *  *      | *
        _________)/\\_//(\/(/\)/\//\/|_)_______

Goodbye Edouard the Wizard...

You died in The Dungeons of Doom on dungeon level 8 with 2527 points,
and 98 pieces of gold, after 3524 moves.
You were level 6 with a maximum of 39 hit points when you died.

